 Dungeon Sprint DCSS version 0.30-a0-862-g1aabd4f9c5 (webtiles) character file.

Game seed: 5058840319616363870

128 Demosthentine the Trooper (level 4, -4/35 HPs)
             Began as a Demonspawn Gladiator on Mar 9, 2023.
             Was a Follower of Hepliaklqana.
             Slain by a gnoll sergeant
             ... wielding a +0 spear
              (13 damage)
             ... in the Dungeon (Sprint VII: "The Pits").
             The game lasted 00:01:00 (266 turns).

Demosthentine the Trooper (Demonspawn Gladiator)     Turns: 266, Time: 00:01:00

Health: -4/35      AC:  4    Str: 16    XL:     4   Next: 86%
Magic:  4/4        EV: 14    Int:  9    God:    Hepliaklqana [*.....]
Gold:   0          SH:  0    Dex: 15    Spells: 3/3 levels left

rFire   . . .      SeeInvis .    o - +2 trident (heavy)
rCold   . . .      Faith    .    (no shield)
rNeg    . . .      Spirit   .    b - +0 leather armour
rPois   .          Reflect  .    c - +0 helmet
rElec   .          Rampage  .    (no cloak)
rCorr   .          NoTele   +    (no gloves)
Will    .....                    (no boots)
Stlth   +                        (no amulet)
HPRegen 0.25/turn                (no ring)
MPRegen 0.09/turn                (no ring)

@: no status effects
A: reduced essence, claws 1
a: Renounce Religion, Recall Ancestor, Ancestor Identity


You were in the Dungeon.
You worshipped Hepliaklqana.
Hepliaklqana was aware of your devotion.
You visited 1 branch

Inventory:

Hand Weapons
 o - a +2 heavy trident (weapon)
Missiles
 d - 3 throwing nets (quivered)
 e - a javelin
Armour
 b - a +0 leather armour (worn)
 c - a +0 helmet (worn)
Scrolls
 k - a scroll of blinking
 m - 5 scrolls of amnesia
 n - a scroll of summoning
Potions
 a - 2 potions of invisibility
 f - 6 potions of curing
 g - 6 potions of heal wounds
 h - a potion of haste
 i - 4 potions of magic
 j - 3 potions of berserk rage


   Skills:
 + Level 5.1 Fighting
 + Level 5.1 Polearms
 - Level 1.7 Throwing
 + Level 4.1 Armour
 + Level 5.1 Dodging


You had 3 spell levels left.
You didn't know any spells.
Your spell library was empty.

Dungeon Overview and Level Annotations

Branches:
Dungeon (1/1)

Altars:
Ashenzari
Cheibriados
Dithmenos
Fedhas
Gozag
Hepliaklqana
Kikubaaqudgha
Makhleb
Nemelex Xobeh
Okawaru
Qazlal
Ru
Sif Muna
Trog
Uskayaw
Vehumet
Wu Jian
Xom
Yredelemnul
Jiyva
Lugonu


Innate Abilities, Weirdness & Mutations

Your life essence is reduced to manifest your ancestor. (-10% HP)
You have sharp fingernails.


Message History

Aim: a gnoll sergeant, wielding a +0 spear and wearing a +0 ring mail (about 29% to evade your +2 heavy trident)
You reach to attack!
You puncture the gnoll sergeant!
The gnoll sergeant is heavily wounded.
Senakhtenre closely misses the gnoll.
The gnoll barely misses Senakhtenre.
The gnoll sergeant hits you from afar with a +0 spear.
Senakhtenre barely misses the gnoll.
The gnoll sergeant hits you from afar with a +0 spear!
The gnoll hits Senakhtenre with a +0 club.
Unknown command.
Reach: o) +2 trident (heavy)
Press: ? - help, Dir - move target, f/p - gnoll sergeant
Aim: a gnoll sergeant, wielding a +0 spear and wearing a +0 ring mail (heavily wounded, about 29% to evade your +2 heavy trident)
You reach to attack!
You hit the gnoll sergeant.
The gnoll sergeant is severely wounded.
Senakhtenre hits the gnoll.
The gnoll closely misses Senakhtenre.
The gnoll sergeant hits you from afar with a +0 spear.
Reach: o) +2 trident (heavy)
Press: ? - help, Dir - move target, f/p - gnoll sergeant
Aim: a gnoll sergeant, wielding a +0 spear and wearing a +0 ring mail (severely wounded, about 29% to evade your +2 heavy trident)
You reach to attack!
You hit the gnoll sergeant but do no damage.
The gnoll sergeant is severely wounded.
Senakhtenre hits the gnoll.
The gnoll dies!
The gnoll sergeant hits you from afar with a +0 spear.
* * * LOW HITPOINT WARNING * * *
Senakhtenre barely misses the gnoll sergeant.
The gnoll hits you from afar with a +0 spear.
* * * LOW HITPOINT WARNING * * *
The gnoll sergeant closely misses you.
Reach: o) +2 trident (heavy)
Press: ? - help, Dir - move target, f/p - gnoll sergeant
Aim: a gnoll sergeant, wielding a +0 spear and wearing a +0 ring mail (severely wounded, ally target, about 29% to evade your +2 heavy trident)
You reach to attack!
You hit the gnoll sergeant but do no damage.
The gnoll sergeant is severely wounded.
Senakhtenre hits the gnoll sergeant but does no damage.
The gnoll closely misses you.
The gnoll sergeant hits you from afar with a +0 spear!
You die...

#'#####'#####.....
#.#..#...'.##.....
#.#..#...#.#####'#
#.#..#####.##.....
#.#..'...#.##.....
#.#..'...'.##.....
#.#..########...<.
#.#..'.)))[##.....
#@#..#.)))[##.....
#R###########.....


#gg ###### #5g# #Z.. ##.## .. .# You could see the friendly Senakhtenre the
ancestor, a gnoll sergeant (ally target), 2 gnolls, a white imp and a quokka
zombie.

Vanquished Creatures
  A floating eye (D)
  2 ufetubi (D)
  A worm (D)
  An orc (D)
  2 endoplasms (D)
  2 hobgoblins (D)
9 creatures vanquished.

Vanquished Creatures (collateral kills)
  A gnoll (D)
1 creature vanquished.

Grand Total: 10 creatures vanquished

Notes
Turn   | Place    | Note
-------+----------+-------------------------------------------
     0 | D        | Demosthentine the Demonspawn Gladiator began the quest for
                  | the Orb.
     0 | D        | Reached XP level 1. HP: 16/16 MP: 1/1
    40 | D        | Found a bloodstained altar of Trog.
    40 | D        | Found a shimmering blue altar of Sif Muna.
    40 | D        | Found a viscous altar of Jiyva.
    40 | D        | Found a hazy altar of Hepliaklqana.
    40 | D        | Found an opulent altar of Gozag.
    41 | D        | Found a basalt altar of Yredelemnul.
    41 | D        | Found a shimmering altar of Xom.
    41 | D        | Found an ornate altar of the Wu Jian Council.
    41 | D        | Found a sacrificial altar of Ru.
    41 | D        | Found a stormy altar of Qazlal.
    41 | D        | Found an iron altar of Okawaru.
    41 | D        | Found a sparkling altar of Nemelex Xobeh.
    41 | D        | Found a burning altar of Makhleb.
    41 | D        | Found a blossoming altar of Fedhas.
    41 | D        | Found a shadowy altar of Dithmenos.
    41 | D        | Found a snail-covered altar of Cheibriados.
    42 | D        | Found a radiant altar of Vehumet.
    42 | D        | Found a corrupted altar of Lugonu.
    43 | D        | Found an ancient bone altar of Kikubaaqudgha.
    43 | D        | Found a hide-covered altar of Uskayaw.
    43 | D        | Found a broken altar of Ashenzari.
    46 | D        | Became a worshipper of Hepliaklqana the Forgotten
    59 | D        | Reached skill level 1 in Armour
    72 | D        | Gained mutation: You have sharp fingernails. [demonic
                  | ancestry]
    72 | D        | Reached XP level 2. HP: 23/23 MP: 2/2
    77 | D        | Noticed a floating eye
    82 | D        | Killed a floating eye
    83 | D        | Reached XP level 3. HP: 16/32 MP: 3/3
    83 | D        | Reached XP level 4. HP: 19/38 MP: 4/4
    91 | D        | Reached skill level 5 in Fighting
    91 | D        | Reached skill level 5 in Polearms
    91 | D        | Reached skill level 5 in Dodging
   217 | D        | Reached * piety under Hepliaklqana
   258 | D        | Noticed a fire bat
   258 | D        | Noticed a gnoll sergeant
   266 | D        | Slain by a gnoll sergeant

Illustrated notes

Levels and vault maps discovered:
D:        pitsprint [storerooms_1, entrance_room_1, metal_vault_7, armoury_1,
          mini_pit_1, grid_room_1, main_hall_1, silver_pit, the_coven_3,
          the_vestibule_1, steel_vault_4, golden_pit, hallway_of_sentries,
          crystal_vault_2, iron_vault_3, final_vault]

Skill      XL: |  1  2  3  4 |
---------------+-------------+-----
Polearms       | 3 4 5 |  5.1
Armour         | 1 3 4 |  4.1
Dodging        | 3 4 5 |  5.1
Fighting       | 4 5 |  5.1
Throwing       | |  1.7

Action                     |  1- 3 |  4- 6 || total
---------------------------+-------+-------++-------
  Melee: Trident           |    16 |    15 ||    31
         Punch             |       |     1 ||     1
 Armour: Leather armour    |     2 |     3 ||     5
  Dodge: Dodged            |    21 |    15 ||    36

Table legend: (Time is in decaauts)
 A = Elapsed time spent in this place.
 B = Non-inter-level travel time spent in this place.
 C = Inter-level travel time spent in this place.
 D = Time resting spent in this place.
 E = Time spent auto-exploring this place.
 F = Levels seen in this place.
 G = Mean time per level.
                   A        B        C        D        E       F      G
               +--------+--------+--------+--------+--------+-----+--------+
         Total |    270 |    270 |      0 |    109 |      0 |   1 |  270.0 |
       Dungeon |    270 |    270 |      0 |    109 |      0 |   1 |  270.0 |
               +--------+--------+--------+--------+--------+-----+--------+

Top non-repeatable levels by time:
       D: 270 daAuts
